Devils vs Oilers

Created - 14 décembre 2020 at 21:25

Goals
1 2 3 OT1 SO T
Devils 1 0 1 0 2 2
Oilers 0 0 2 0 3 3
Shots
1 2 3 OT1 SO T
Devils 7 18 6 5 5 36
Oilers 6 4 13 2 5 25

1st period

1. Devils , Mike Hoffman 9 (Nicklas Backstrom 16, Damon Severson 3) at 11:22

Penalties :
Mikhail Sergachev (NJD) for Interference (Minor) at 1:06, Evander Kane (EDM) for Hooking (Minor) at 1:39, Adam Lowry (EDM) for Roughing (Minor) at 7:07, Travis Hamonic (EDM) for Cross-checking (Minor) at 11:36

2nd period

No Goal

Penalties :
Jacob Trouba (EDM) for High sticking (Minor) at 0:30, Brenden Dillon (EDM) for Slashing (Minor) at 1:31, Jacob Trouba (EDM) for Holding (Minor) at 12:39

3rd period

2. Devils , T.J. Oshie 5 (Damon Severson 4, Ryan Suter 12) at 13:53
3. Oilers , Gustav Nyquist 6 (Ryan Johansen 11) at 14:48
4. Oilers , Ryan Getzlaf 3 (Barclay Goodrow 3) at 15:43

Penalties :
Evander Kane (EDM) for Interference (Minor) at 0:07, Mikhail Sergachev (NJD) for Roughing (Minor) at 17:16

Overtime #1

No Goal

Penalties :
No Penalty

Shootout

Devils, Evgeni Malkin - Shot Misses the Net
Oilers, Yanni Gourde - Goal!
Devils, Nicklas Backstrom - Shot Misses the Net
Oilers, Evander Kane - Stopped by Marc-Andre Fleury
Devils, Chris Kreider - Goal!
Oilers, Ryan Johansen - Stopped by Marc-Andre Fleury
Devils, T.J. Oshie - Goal!
Oilers, Gustav Nyquist - Goal!
Devils, Travis Konecny - Stopped by Robin Lehner
Oilers, Jason Zucker - Goal!

Penalties :
No Penalty

Goalie Stats

Marc-Andre Fleury (NJD), 23 saves from 25 shots - (0,920), OTL, 4-10-2, 65:00 minutes
Robin Lehner (EDM), 34 saves from 36 shots - (0,944), W, 9-4-4, 65:00 minutes

Players Stats for Devils

Player Name              G  A  P  +/- PIM S  H  SB GA TA FO     MP     PP MP  PK MP  
------------------------------------------------------------------------------------
Brian Boyle              0  0  0   0  0   1  0  0  0  0  3/6     7:36   0:00   0:23 
Cale Makar               0  0  0  -1  0   4  0  1  0  0  0/0    22:43   5:30   1:33 
Chris Kreider            0  0  0   0  0   3  2  0  0  0  0/0    23:12   5:46   0:23 
Damon Severson           0  2  2   1  0   1  3  2  0  0  0/0    27:46   5:53   0:59 
Evgeni Malkin            0  0  0   0  0   2  0  0  0  0  18/35  25:31   5:46   2:09 
Justin Schultz           0  0  0   0  0   1  2  3  0  0  0/0    12:41   0:06   0:00 
Mathieu Joseph           0  0  0   0  0   0  2  0  0  0  0/0     7:13   0:00   0:00 
Mike Hoffman             1  0  1   0  0   5  0  0  0  0  1/2    18:54   5:37   0:00 
Mikhail Sergachev        0  0  0  -1  4   0  3  1  0  0  0/0    19:12   5:30   0:00 
Nicklas Backstrom        0  1  1   0  0   6  2  0  0  0  14/26  22:23   5:37   1:46 
Niklas Hjalmarsson       0  0  0   0  0   2  3  1  0  0  0/0    13:29   0:06   1:33 
Rocco Grimaldi           0  0  0   0  0   0  0  0  0  0  0/0     7:19   0:06   0:00 
Ryan Suter               0  1  1   1  0   2  3  0  0  0  0/0    29:07   5:53   0:59 
Sam Reinhart             0  0  0   0  0   2  0  0  0  0  0/0    10:38   0:06   0:00 
T.J. Oshie               1  0  1   0  0   6  1  0  0  0  2/6    23:12   5:46   0:23 
Travis Konecny           0  0  0   0  0   0  1  0  0  0  1/1    18:54   5:37   0:00 
Tyler Bozak              0  0  0   0  0   0  0  1  0  0  10/15  10:38   0:06   0:00 
Zack Smith               0  0  0   0  0   1  3  0  0  0  0/0    10:32   0:00   0:00 

Players Stats for Oilers

Player Name              G  A  P  +/- PIM S  H  SB GA TA FO     MP     PP MP  PK MP  
------------------------------------------------------------------------------------
Adam Lowry               0  0  0   0  2   0  0  0  0  0  9/18   11:28   0:00   5:26 
Barclay Goodrow          0  1  1   1  0   3  7  0  0  0  0/2    19:22   0:00   6:41 
Brenden Dillon           0  0  0   2  2   0  5  0  0  0  0/0    19:49   0:00   4:58 
Brent Burns              0  0  0   0  0   1  0  1  0  0  0/0    28:35   1:03   5:45 
Dylan DeMelo             0  0  0  -2  0   0  1  0  0  0  0/0    11:55   0:00   0:06 
Evander Kane             0  0  0  -1  4   1  1  0  0  0  0/1    20:30   1:07   0:00 
Gustav Nyquist           1  0  1  -1  0   2  1  0  0  0  0/2    18:10   1:08   0:00 
Jacob Trouba             0  0  0   0  4   0  5  1  0  0  0/0    23:46   1:03   1:40 
Jason Zucker             0  0  0   1  0   0  0  0  0  0  0/1    15:39   1:24   1:02 
Justin Braun             0  0  0  -2  0   0  2  1  0  0  0/0    17:08   0:00   5:42 
Max Domi                 0  0  0   0  0   5  0  0  0  0  9/18   14:15   1:24   0:00 
Nick Cousins             0  0  0   0  0   2  0  0  0  0  1/1     8:43   0:00   2:48 
Riley Nash               0  0  0   0  0   2  0  0  0  0  0/3     9:48   0:00   3:53 
Ryan Getzlaf             1  0  1   1  0   2  2  0  0  0  12/23  14:41   1:08   0:52 
Ryan Johansen            0  1  1  -1  0   4  0  0  0  0  11/21  22:06   1:24   1:18 
Sam Bennett              0  0  0   0  0   1  3  1  0  0  0/0     9:44   0:00   0:00 
Travis Hamonic           0  0  0   2  2   0  0  3  0  0  0/0    22:14   1:29   4:46 
Yanni Gourde             0  0  0   0  0   2  1  2  0  0  0/1    13:07   1:29   0:00 

3 Stars

1 - Barclay Goodrow (EDM)
2 - Damon Severson (NJD)
3 - Ryan Getzlaf (EDM)

Power Play

Devils - 0 on 7 Attempt(s) - 0,00%
Oilers - 0 on 2 Attempt(s) - 0,00%

Penalty Kill

Devils - 2 on 2 Attempt(s) - 100,00% - Score 0 goal in Penalty Kill
Oilers - 7 on 7 Attempt(s) - 100,00% - Score 0 goal in Penalty Kill

Team Stat

Devils - Hits : 25 - Faceoff Wins : 49 - Blocked Shots : 9 - Penalty Minutes : 4
Oilers - Hits : 28 - Faceoff Wins : 42 - Blocked Shots : 9 - Penalty Minutes : 14

Official

Referees : Brandon Blandina and Kelly Sutherland
Linesman : Devin Berg and Brent Colby

Game Notes

No Game Note

Finance

Level 1 -- Attendance: 5688 (87,51%) -- Ticket Income 693 936 $
Level 2 -- Attendance: 5000 (100,00%) -- Ticket Income 470 000 $
Level 3 -- Attendance: 3301 (94,31%) -- Ticket Income 247 575 $
Level 4 -- Attendance: 839 (100,00%) -- Ticket Income 61 247 $
Luxury Box -- Attendance: 922 (92,20%) -- Ticket Income 213 904 $
Game was played at the Rexall Place.
Total Attendance: 15750 (93,53%)
Total Ticket Income: 1 686 662 $
Other Income: 826 464 $
Total Income: 2 513 126 $

% Time on Ice - Devils

Lines # - Real PCT - Wanted PCT - Time Play
Normal Forward
1 - 33% - 40% - 14:42
2 - 27% - 30% - 12:06
3 - 24% - 20% - 10:32
4 - 16% - 10% - 7:13
Normal Defense
1 - 41% - 40% - 18:25
2 - 31% - 30% - 13:44
3 - 27% - 20% - 11:50
4 - 1% - 10% - 0:34
PP Forward
1 - 51% - 60% - 5:52
2 - 49% - 40% - 5:37
PP Defense
1 - 52% - 60% - 5:59
2 - 48% - 40% - 5:30
PK Forward
1 - 85% - 60% - 2:09
2 - 15% - 40% - 0:23
PK Defense
1 - 39% - 60% - 0:59
2 - 61% - 40% - 1:33
PK3 Forward
1 - 0% - 60%
2 - 0% - 40%
PK3 Defense
1 - 0% - 60%
2 - 0% - 40%
44 Forward
1 - 48% - 60% - 0:41
2 - 52% - 40% - 0:45
44 Defense
1 - 48% - 60% - 0:41
2 - 52% - 40% - 0:45
Last Minute Offensive  - 0:00
Last Minute Defensive  - 0:00
Total
Forward - 60:00
Defense - 60:00

% Time on Ice - Oilers

Lines # - Real PCT - Wanted PCT - Time Play
Normal Forward
1 - 38% - 40% - 16:59
2 - 27% - 30% - 11:55
3 - 22% - 20% - 9:44
4 - 13% - 10% - 5:55
Normal Defense
1 - 39% - 40% - 17:12
2 - 34% - 30% - 14:56
3 - 26% - 20% - 11:26
4 - 2% - 10% - 0:59
PP Forward
1 - 45% - 60% - 1:08
2 - 55% - 40% - 1:24
PP Defense
1 - 41% - 60% - 1:03
2 - 59% - 40% - 1:29
PK Forward
1 - 73% - 60% - 7:43
2 - 27% - 40% - 2:48
PK Defense
1 - 47% - 60% - 4:56
2 - 53% - 40% - 5:35
PK3 Forward
1 - 90% - 60% - 0:52
2 - 10% - 40% - 0:06
PK3 Defense
1 - 100% - 60% - 0:58
2 - 0% - 40% - 0:00
44 Forward
1 - 91% - 60% - 1:18
2 - 9% - 40% - 0:08
44 Defense
1 - 79% - 60% - 1:08
2 - 21% - 40% - 0:18
Last Minute Offensive  - 0:00
Last Minute Defensive  - 0:00
Total
Forward - 60:00
Defense - 60:00

Play-by-Play

1st period


0:01 of 1st period - Evgeni Malkin wins face-off versus Gustav Nyquist in neutral zone.
0:23 of 1st period - T.J. Oshie is hit by Jacob Trouba and loses puck.
1:01 of 1st period - Icing by Travis Konecny.
1:02 of 1st period - Ryan Getzlaf wins face-off versus Nicklas Backstrom in Devils zone.
1:02 of 1st period - Barclay Goodrow is hit by Mikhail Sergachev and loses puck.
1:06 of 1st period - Minor Penalty to Mikhail Sergachev for Interference.
1:07 of 1st period - Evgeni Malkin wins face-off versus Ryan Johansen in Devils zone.
1:30 of 1st period - Shot by Jason Zucker.
1:30 of 1st period - Shot Misses the Net.
1:32 of 1st period - Shot by Travis Hamonic.
1:32 of 1st period - Deflect By Max Domi.
1:32 of 1st period - Stopped by Marc-Andre Fleury without a rebound.
1:33 of 1st period - Ryan Getzlaf wins face-off versus Evgeni Malkin in Devils zone.
1:39 of 1st period - Minor Penalty to Evander Kane for Hooking.
1:40 of 1st period - Evgeni Malkin wins face-off versus Max Domi in Oilers zone.
1:47 of 1st period - Shot by Nicklas Backstrom.
1:47 of 1st period - Stopped by Robin Lehner with a rebound.
1:49 of 1st period - Shot by Nicklas Backstrom.
1:49 of 1st period - Stopped by Robin Lehner without a rebound.
1:50 of 1st period - Evgeni Malkin wins face-off versus Max Domi in Oilers zone.
2:01 of 1st period - Shot by Max Domi.
2:01 of 1st period - Stopped by Marc-Andre Fleury without a rebound.
2:02 of 1st period - Max Domi wins face-off versus T.J. Oshie in Devils zone.
3:06 of 1st period - Evgeni Malkin is hit by Brenden Dillon and loses puck.
3:13 of 1st period - Ryan Suter is hit by Barclay Goodrow and loses puck.
3:24 of 1st period - Shot by Barclay Goodrow.
3:24 of 1st period - Shot Misses the Net.
3:26 of 1st period - Shot by Barclay Goodrow.
3:26 of 1st period - Shot Blocked by Damon Severson.
3:53 of 1st period - Gustav Nyquist is hit by Niklas Hjalmarsson and loses puck.
3:58 of 1st period - Shot by Gustav Nyquist.
3:58 of 1st period - Shot Misses the Net.
4:00 of 1st period - Shot by Gustav Nyquist.
4:00 of 1st period - Stopped by Marc-Andre Fleury without a rebound.
4:01 of 1st period - Tyler Bozak wins face-off versus Adam Lowry in Devils zone.
4:10 of 1st period - Off-side.
4:11 of 1st period - Evgeni Malkin wins face-off versus Gustav Nyquist in neutral zone.
4:13 of 1st period - Mikhail Sergachev is hit by Gustav Nyquist and loses puck.
4:19 of 1st period - Off-side.
4:20 of 1st period - Tyler Bozak wins face-off versus Ryan Getzlaf in neutral zone.
5:30 of 1st period - Shot by Max Domi.
5:30 of 1st period - Stopped by Marc-Andre Fleury without a rebound.
5:31 of 1st period - Evgeni Malkin wins face-off versus Ryan Johansen in Devils zone.
6:20 of 1st period - Justin Braun is hit by Justin Schultz and loses puck.
6:54 of 1st period - Shot by Mike Hoffman.
6:54 of 1st period - Stopped by Robin Lehner without a rebound.
6:55 of 1st period - Adam Lowry wins face-off versus Tyler Bozak in Oilers zone.
7:07 of 1st period - Minor Penalty to Adam Lowry for Roughing.
7:08 of 1st period - Nicklas Backstrom wins face-off versus Riley Nash in Oilers zone.
7:31 of 1st period - Shot by Damon Severson.
7:31 of 1st period - Shot Misses the Net.
7:33 of 1st period - Shot by Ryan Suter.
7:33 of 1st period - Shot Misses the Net.
7:35 of 1st period - Shot by Damon Severson.
7:35 of 1st period - Deflect By Mike Hoffman.
7:35 of 1st period - Stopped by Robin Lehner without a rebound.
7:36 of 1st period - Evgeni Malkin wins face-off versus Riley Nash in Oilers zone.
9:17 of 1st period - Shot by Yanni Gourde.
9:17 of 1st period - Shot Misses the Net.
9:25 of 1st period - Niklas Hjalmarsson is hit by Sam Bennett and loses puck.
9:54 of 1st period - Justin Schultz is hit by Jacob Trouba and loses puck.
9:58 of 1st period - Icing by Brent Burns.
9:59 of 1st period - Evgeni Malkin wins face-off versus Max Domi in Oilers zone.
9:59 of 1st period - Evgeni Malkin is hit by Jacob Trouba.
10:25 of 1st period - Shot by T.J. Oshie.
10:25 of 1st period - Shot Misses the Net.
10:37 of 1st period - Shot by Nick Cousins.
10:37 of 1st period - Shot Misses the Net.
10:39 of 1st period - Shot by Riley Nash.
10:39 of 1st period - Stopped by Marc-Andre Fleury without a rebound.
10:40 of 1st period - Nicklas Backstrom wins face-off versus Ryan Getzlaf in Devils zone.
10:46 of 1st period - Off-side.
10:47 of 1st period - Ryan Johansen wins face-off versus Nicklas Backstrom in neutral zone.
11:06 of 1st period - Shot by Ryan Johansen.
11:06 of 1st period - Shot Hit the Post.
11:22 of 1st period - Shot by Nicklas Backstrom.
11:22 of 1st period - Deflect By Mike Hoffman.
11:22 of 1st period - Goal by Mike Hoffman - Devils : 1 - Oilers : 0.
11:23 of 1st period - T.J. Oshie wins face-off versus Ryan Getzlaf in neutral zone.
11:23 of 1st period - T.J. Oshie is hit by Barclay Goodrow.
11:36 of 1st period - Minor Penalty to Travis Hamonic for Cross-checking.
11:37 of 1st period - Adam Lowry wins face-off versus Evgeni Malkin in Oilers zone.
11:37 of 1st period - Adam Lowry is hit by Chris Kreider.
11:47 of 1st period - Shot by Cale Makar.
11:47 of 1st period - Stopped by Robin Lehner with a rebound.
13:36 of 1st period - T.J. Oshie is hit by Evander Kane and loses puck.
13:47 of 1st period - Shot by Evander Kane.
13:47 of 1st period - Shot Blocked by Justin Schultz.
14:03 of 1st period - Shot by Evander Kane.
14:03 of 1st period - Shot Blocked by Justin Schultz.
14:14 of 1st period - Ryan Johansen is hit by Niklas Hjalmarsson and loses puck.
14:51 of 1st period - Shot by Yanni Gourde.
14:51 of 1st period - Shot Blocked by Damon Severson.
15:22 of 1st period - Tyler Bozak is hit by Barclay Goodrow and loses puck.
15:42 of 1st period - Icing by Damon Severson.
15:43 of 1st period - Tyler Bozak wins face-off versus Adam Lowry in Devils zone.
16:21 of 1st period - Shot by Chris Kreider.
16:21 of 1st period - Stopped by Robin Lehner without a rebound.
16:22 of 1st period - Ryan Johansen wins face-off versus Nicklas Backstrom in Oilers zone.
16:28 of 1st period - Off-side.
16:29 of 1st period - Mike Hoffman wins face-off versus Ryan Getzlaf in neutral zone.
16:29 of 1st period - Mike Hoffman is hit by Ryan Getzlaf.
16:33 of 1st period - Barclay Goodrow is hit by Nicklas Backstrom and loses puck.
16:59 of 1st period - Ryan Getzlaf is hit by Justin Schultz and loses puck.
17:23 of 1st period - Justin Schultz is hit by Justin Braun and loses puck.
18:11 of 1st period - Evgeni Malkin is hit by Dylan DeMelo and loses puck.
18:17 of 1st period - Gustav Nyquist is hit by Chris Kreider and loses puck.
18:37 of 1st period - Shot by Yanni Gourde.
18:37 of 1st period - Stopped by Marc-Andre Fleury without a rebound.
18:38 of 1st period - Adam Lowry wins face-off versus Brian Boyle in Devils zone.
19:28 of 1st period - Icing by Damon Severson.
19:29 of 1st period - Brian Boyle wins face-off versus Ryan Getzlaf in Devils zone.
19:29 of 1st period - Ryan Suter is hit by Barclay Goodrow and loses puck.
19:47 of 1st period - Damon Severson is hit by Brenden Dillon and loses puck.
Goals for this period are 1 for Devils vs 0 for Oilers.
Shots for this period are 7 for Devils vs 6 for Oilers.

2nd period


0:01 of 2nd period - Evgeni Malkin wins face-off versus Jason Zucker in neutral zone.
0:08 of 2nd period - Shot by T.J. Oshie.
0:08 of 2nd period - Stopped by Robin Lehner without a rebound.
0:09 of 2nd period - Ryan Johansen wins face-off versus Nicklas Backstrom in Oilers zone.
0:21 of 2nd period - Icing by Ryan Suter.
0:22 of 2nd period - Ryan Getzlaf wins face-off versus Mike Hoffman in Devils zone.
0:23 of 2nd period - Shot by Barclay Goodrow.
0:23 of 2nd period - Stopped by Marc-Andre Fleury without a rebound.
0:24 of 2nd period - Evgeni Malkin wins face-off versus Barclay Goodrow in Devils zone.
0:30 of 2nd period - Minor Penalty to Jacob Trouba for High sticking.
0:31 of 2nd period - Adam Lowry wins face-off versus Evgeni Malkin in Oilers zone.
0:37 of 2nd period - Icing by Damon Severson.
0:38 of 2nd period - Adam Lowry wins face-off versus Evgeni Malkin in Devils zone.
1:09 of 2nd period - Shot by Ryan Suter.
1:09 of 2nd period - Shot Misses the Net.
1:11 of 2nd period - Shot by T.J. Oshie.
1:11 of 2nd period - Stopped by Robin Lehner without a rebound.
1:12 of 2nd period - Nicklas Backstrom wins face-off versus Adam Lowry in Oilers zone.
1:13 of 2nd period - Shot by Mikhail Sergachev.
1:13 of 2nd period - Shot Misses the Net.
1:15 of 2nd period - Shot by Cale Makar.
1:15 of 2nd period - Stopped by Robin Lehner without a rebound.
1:16 of 2nd period - Nicklas Backstrom wins face-off versus Barclay Goodrow in Oilers zone.
1:16 of 2nd period - Nicklas Backstrom is hit by Brenden Dillon.
1:25 of 2nd period - Travis Konecny is hit by Brenden Dillon and loses puck.
1:30 of 2nd period - Shot by Cale Makar.
1:30 of 2nd period - Stopped by Robin Lehner with a rebound.
1:31 of 2nd period - Minor Penalty to Brenden Dillon for Slashing.
1:32 of 2nd period - Ryan Getzlaf wins face-off versus Evgeni Malkin in Oilers zone.
1:43 of 2nd period - Shot by Evgeni Malkin.
1:43 of 2nd period - Deflect By T.J. Oshie.
1:43 of 2nd period - Shot Blocked by Travis Hamonic.
1:57 of 2nd period - Shot by Damon Severson.
1:57 of 2nd period - Shot Misses the Net.
2:11 of 2nd period - Shot by T.J. Oshie.
2:11 of 2nd period - Shot Blocked by Brent Burns.
2:13 of 2nd period - Shot by Ryan Suter.
2:13 of 2nd period - Shot Misses the Net.
2:44 of 2nd period - Shot by Nicklas Backstrom.
2:44 of 2nd period - Stopped by Robin Lehner with a rebound.
2:46 of 2nd period - Shot by Cale Makar.
2:46 of 2nd period - Stopped by Robin Lehner without a rebound.
2:47 of 2nd period - Nicklas Backstrom wins face-off versus Adam Lowry in Oilers zone.
2:50 of 2nd period - Shot by Damon Severson.
2:50 of 2nd period - Stopped by Robin Lehner without a rebound.
2:51 of 2nd period - Adam Lowry wins face-off versus Evgeni Malkin in Oilers zone.
4:10 of 2nd period - Shot by Sam Reinhart.
4:10 of 2nd period - Stopped by Robin Lehner without a rebound.
4:11 of 2nd period - Max Domi wins face-off versus Nicklas Backstrom in Oilers zone.
4:16 of 2nd period - Travis Konecny is hit by Sam Bennett and loses puck.
4:45 of 2nd period - Mike Hoffman is hit by Jacob Trouba and loses puck.
5:28 of 2nd period - Shot by Jason Zucker.
5:28 of 2nd period - Shot Blocked by Mikhail Sergachev.
5:30 of 2nd period - Shot by Barclay Goodrow.
5:30 of 2nd period - Shot Hit the Post.
5:38 of 2nd period - Shot by Ryan Getzlaf.
5:38 of 2nd period - Stopped by Marc-Andre Fleury with a rebound.
6:06 of 2nd period - Shot by Evander Kane.
6:06 of 2nd period - Shot Blocked by Tyler Bozak.
6:58 of 2nd period - Adam Lowry is hit by Mathieu Joseph and loses puck.
7:35 of 2nd period - Shot by Mike Hoffman.
7:35 of 2nd period - Shot Hit the Post.
7:47 of 2nd period - Shot by Nicklas Backstrom.
7:47 of 2nd period - Stopped by Robin Lehner without a rebound.
7:48 of 2nd period - Ryan Getzlaf wins face-off versus Evgeni Malkin in Oilers zone.
7:59 of 2nd period - Shot by Barclay Goodrow.
7:59 of 2nd period - Stopped by Marc-Andre Fleury without a rebound.
8:00 of 2nd period - Max Domi wins face-off versus Evgeni Malkin in Devils zone.
8:02 of 2nd period - Yanni Gourde is hit by Ryan Suter and loses puck.
8:09 of 2nd period - Dylan DeMelo is hit by T.J. Oshie and loses puck.
8:20 of 2nd period - Shot by Chris Kreider.
8:20 of 2nd period - Stopped by Robin Lehner without a rebound.
8:21 of 2nd period - Ryan Getzlaf wins face-off versus Nicklas Backstrom in Oilers zone.
8:38 of 2nd period - Shot by Mike Hoffman.
8:38 of 2nd period - Stopped by Robin Lehner with a rebound.
8:44 of 2nd period - Shot by Travis Konecny.
8:44 of 2nd period - Shot Misses the Net.
8:48 of 2nd period - Shot by Nicklas Backstrom.
8:48 of 2nd period - Deflect By Mike Hoffman.
8:48 of 2nd period - Shot Blocked by Travis Hamonic.
9:00 of 2nd period - Barclay Goodrow is hit by Travis Konecny.
9:39 of 2nd period - Shot by Evgeni Malkin.
9:39 of 2nd period - Shot Blocked by Travis Hamonic.
9:41 of 2nd period - Shot by Ryan Suter.
9:41 of 2nd period - Shot Misses the Net.
9:43 of 2nd period - Shot by Ryan Suter.
9:43 of 2nd period - Stopped by Robin Lehner without a rebound.
9:44 of 2nd period - Tyler Bozak wins face-off versus Ryan Johansen in Oilers zone.
9:47 of 2nd period - Shot by Sam Reinhart.
9:47 of 2nd period - Shot Misses the Net.
9:53 of 2nd period - Shot by Tyler Bozak.
9:53 of 2nd period - Shot Misses the Net.
9:55 of 2nd period - Shot by Zack Smith.
9:55 of 2nd period - Shot Misses the Net.
9:57 of 2nd period - Shot by Niklas Hjalmarsson.
9:57 of 2nd period - Stopped by Robin Lehner with a rebound.
10:01 of 2nd period - Shot by Niklas Hjalmarsson.
10:01 of 2nd period - Stopped by Robin Lehner without a rebound.
10:02 of 2nd period - Brian Boyle wins face-off versus Max Domi in Oilers zone.
10:13 of 2nd period - Shot by Max Domi.
10:13 of 2nd period - Shot Misses the Net.
10:28 of 2nd period - Yanni Gourde is hit by Ryan Suter.
10:33 of 2nd period - Damon Severson is hit by Justin Braun and loses puck.
10:50 of 2nd period - Chris Kreider is hit by Yanni Gourde and loses puck.
11:10 of 2nd period - Shot by Ryan Johansen.
11:10 of 2nd period - Stopped by Marc-Andre Fleury without a rebound.
11:11 of 2nd period - Nicklas Backstrom wins face-off versus Adam Lowry in Devils zone.
11:25 of 2nd period - Icing by Brent Burns.
11:26 of 2nd period - Tyler Bozak wins face-off versus Adam Lowry in Oilers zone.
11:31 of 2nd period - Shot by Sam Reinhart.
11:31 of 2nd period - Stopped by Robin Lehner without a rebound.
11:32 of 2nd period - Ryan Johansen wins face-off versus Evgeni Malkin in Oilers zone.
12:10 of 2nd period - Icing by T.J. Oshie.
12:11 of 2nd period - Ryan Getzlaf wins face-off versus Evgeni Malkin in Devils zone.
12:14 of 2nd period - Shot by Jason Zucker.
12:14 of 2nd period - Deflect By Ryan Getzlaf.
12:14 of 2nd period - Shot Misses the Net.
12:39 of 2nd period - Shot by Nicklas Backstrom.
12:39 of 2nd period - Stopped by Robin Lehner without a rebound.
12:39 of 2nd period - Minor Penalty to Jacob Trouba for Holding.
12:40 of 2nd period - Adam Lowry wins face-off versus Nicklas Backstrom in Oilers zone.
13:02 of 2nd period - Shot by Cale Makar.
13:02 of 2nd period - Shot Blocked by Justin Braun.
13:58 of 2nd period - Jason Zucker is hit by Damon Severson and loses puck.
14:50 of 2nd period - Shot by Brian Boyle.
14:50 of 2nd period - Stopped by Robin Lehner without a rebound.
14:51 of 2nd period - Tyler Bozak wins face-off versus Ryan Johansen in Oilers zone.
15:01 of 2nd period - Icing by Justin Schultz.
15:02 of 2nd period - Max Domi wins face-off versus Tyler Bozak in Devils zone.
15:09 of 2nd period - Shot by Yanni Gourde.
15:09 of 2nd period - Shot Blocked by Justin Schultz.
15:15 of 2nd period - Shot by Zack Smith.
15:15 of 2nd period - Shot Misses the Net.
15:17 of 2nd period - Shot by Justin Schultz.
15:17 of 2nd period - Shot Blocked by Sam Bennett.
15:20 of 2nd period - Tyler Bozak is hit by Jacob Trouba and loses puck.
15:35 of 2nd period - Sam Bennett is hit by Zack Smith and loses puck.
17:33 of 2nd period - Justin Schultz is hit by Barclay Goodrow and loses puck.
17:49 of 2nd period - Off-side.
17:50 of 2nd period - Tyler Bozak wins face-off versus Max Domi in neutral zone.
18:10 of 2nd period - Icing by Tyler Bozak.
18:11 of 2nd period - Ryan Johansen wins face-off versus Tyler Bozak in Devils zone.
18:33 of 2nd period - Shot by Zack Smith.
18:33 of 2nd period - Stopped by Robin Lehner without a rebound.
18:34 of 2nd period - Max Domi wins face-off versus Evgeni Malkin in Oilers zone.
18:41 of 2nd period - Max Domi is hit by Mikhail Sergachev and loses puck.
18:47 of 2nd period - Sam Bennett is hit by Mikhail Sergachev.
19:00 of 2nd period - Off-side.
19:01 of 2nd period - Nicklas Backstrom wins face-off versus Ryan Johansen in neutral zone.
19:41 of 2nd period - Ryan Johansen is hit by Niklas Hjalmarsson and loses puck.
19:47 of 2nd period - Off-side.
19:48 of 2nd period - Ryan Getzlaf wins face-off versus Evgeni Malkin in neutral zone.
19:56 of 2nd period - Off-side.
19:57 of 2nd period - Max Domi wins face-off versus Evgeni Malkin in neutral zone.
Goals for this period are 0 for Devils vs 0 for Oilers.
Shots for this period are 18 for Devils vs 4 for Oilers.

3rd period


0:01 of 3rd period - Ryan Johansen wins face-off versus Evgeni Malkin in neutral zone.
0:05 of 3rd period - Jacob Trouba is hit by Ryan Suter and loses puck.
0:07 of 3rd period - Minor Penalty to Evander Kane for Interference.
0:08 of 3rd period - Adam Lowry wins face-off versus Evgeni Malkin in Oilers zone.
0:56 of 3rd period - Icing by Damon Severson.
0:57 of 3rd period - Evgeni Malkin wins face-off versus Riley Nash in Devils zone.
1:11 of 3rd period - Icing by Mikhail Sergachev.
1:12 of 3rd period - Nicklas Backstrom wins face-off versus Adam Lowry in Devils zone.
1:23 of 3rd period - Shot by Nicklas Backstrom.
1:23 of 3rd period - Shot Misses the Net.
1:27 of 3rd period - Shot by Cale Makar.
1:27 of 3rd period - Deflect By Mike Hoffman.
1:27 of 3rd period - Stopped by Robin Lehner without a rebound.
1:28 of 3rd period - Nick Cousins wins face-off versus Nicklas Backstrom in Oilers zone.
2:01 of 3rd period - Shot by Cale Makar.
2:01 of 3rd period - Shot Misses the Net.
2:42 of 3rd period - Icing by Ryan Suter.
2:43 of 3rd period - Tyler Bozak wins face-off versus Max Domi in Devils zone.
3:39 of 3rd period - Shot by T.J. Oshie.
3:39 of 3rd period - Stopped by Robin Lehner with a rebound.
4:07 of 3rd period - Nicklas Backstrom is hit by Barclay Goodrow and loses puck.
4:23 of 3rd period - Icing by Brent Burns.
4:24 of 3rd period - Ryan Johansen wins face-off versus Brian Boyle in Oilers zone.
4:49 of 3rd period - Shot by Ryan Suter.
4:49 of 3rd period - Stopped by Robin Lehner without a rebound.
4:50 of 3rd period - Nicklas Backstrom wins face-off versus Yanni Gourde in Oilers zone.
4:50 of 3rd period - Mike Hoffman is hit by Brenden Dillon and loses puck.
5:03 of 3rd period - Shot by Nicklas Backstrom.
5:03 of 3rd period - Stopped by Robin Lehner with a rebound.
5:18 of 3rd period - Shot by Yanni Gourde.
5:18 of 3rd period - Stopped by Marc-Andre Fleury with a rebound.
5:20 of 3rd period - Shot by Sam Bennett.
5:20 of 3rd period - Stopped by Marc-Andre Fleury without a rebound.
5:21 of 3rd period - Evgeni Malkin wins face-off versus Ryan Johansen in Devils zone.
6:10 of 3rd period - Off-side.
6:11 of 3rd period - Ryan Getzlaf wins face-off versus Nicklas Backstrom in neutral zone.
6:11 of 3rd period - Jason Zucker is hit by Nicklas Backstrom.
6:19 of 3rd period - Shot by Barclay Goodrow.
6:19 of 3rd period - Stopped by Marc-Andre Fleury without a rebound.
6:20 of 3rd period - Nicklas Backstrom wins face-off versus Ryan Getzlaf in Devils zone.
6:20 of 3rd period - Nicklas Backstrom is hit by Ryan Getzlaf.
6:46 of 3rd period - Shot by Mike Hoffman.
6:46 of 3rd period - Shot Misses the Net.
6:49 of 3rd period - Icing by Travis Hamonic.
6:50 of 3rd period - Ryan Getzlaf wins face-off versus Tyler Bozak in Oilers zone.
7:23 of 3rd period - Shot by Evander Kane.
7:23 of 3rd period - Stopped by Marc-Andre Fleury without a rebound.
7:24 of 3rd period - Evgeni Malkin wins face-off versus Max Domi in Devils zone.
7:24 of 3rd period - Cale Makar is hit by Sam Bennett and loses puck.
8:30 of 3rd period - Shot by Mike Hoffman.
8:30 of 3rd period - Shot Misses the Net.
8:32 of 3rd period - Shot by Niklas Hjalmarsson.
8:32 of 3rd period - Shot Hit the Post.
8:57 of 3rd period - Evander Kane is hit by Zack Smith and loses puck.
9:13 of 3rd period - Gustav Nyquist is hit by Damon Severson and loses puck.
10:02 of 3rd period - Shot by Barclay Goodrow.
10:02 of 3rd period - Shot Misses the Net.
11:12 of 3rd period - Off-side.
11:13 of 3rd period - Nicklas Backstrom wins face-off versus Max Domi in neutral zone.
11:23 of 3rd period - Icing by Yanni Gourde.
11:24 of 3rd period - Tyler Bozak wins face-off versus Max Domi in Oilers zone.
11:47 of 3rd period - Shot by Tyler Bozak.
11:47 of 3rd period - Shot Misses the Net.
12:01 of 3rd period - Shot by Damon Severson.
12:01 of 3rd period - Shot Blocked by Jacob Trouba.
12:03 of 3rd period - Shot by Damon Severson.
12:03 of 3rd period - Shot Blocked by Yanni Gourde.
12:33 of 3rd period - Icing by Brenden Dillon.
12:34 of 3rd period - Adam Lowry wins face-off versus Nicklas Backstrom in Oilers zone.
12:53 of 3rd period - Shot by Adam Lowry.
12:53 of 3rd period - Shot Blocked by Cale Makar.
13:53 of 3rd period - Shot by T.J. Oshie.
13:53 of 3rd period - Goal by T.J. Oshie - Devils : 2 - Oilers : 0.
13:54 of 3rd period - Tyler Bozak wins face-off versus Ryan Getzlaf in neutral zone.
14:17 of 3rd period - Shot by Justin Schultz.
14:17 of 3rd period - Stopped by Robin Lehner without a rebound.
14:18 of 3rd period - Max Domi wins face-off versus Brian Boyle in Oilers zone.
14:18 of 3rd period - Max Domi is hit by Mathieu Joseph.
14:30 of 3rd period - Shot by Max Domi.
14:30 of 3rd period - Stopped by Marc-Andre Fleury without a rebound.
14:31 of 3rd period - T.J. Oshie wins face-off versus Adam Lowry in Devils zone.
14:44 of 3rd period - Shot by Nick Cousins.
14:44 of 3rd period - Stopped by Marc-Andre Fleury without a rebound.
14:45 of 3rd period - Ryan Johansen wins face-off versus Nicklas Backstrom in Devils zone.
14:48 of 3rd period - Shot by Gustav Nyquist.
14:48 of 3rd period - Goal by Gustav Nyquist - Devils : 2 - Oilers : 1.
14:49 of 3rd period - Evgeni Malkin wins face-off versus Ryan Johansen in neutral zone.
15:18 of 3rd period - Jacob Trouba is hit by Damon Severson and loses puck.
15:43 of 3rd period - Shot by Ryan Getzlaf.
15:43 of 3rd period - Goal by Ryan Getzlaf - Devils : 2 - Oilers : 2.
15:44 of 3rd period - Nicklas Backstrom wins face-off versus Ryan Getzlaf in neutral zone.
15:44 of 3rd period - Nicklas Backstrom is hit by Barclay Goodrow.
15:47 of 3rd period - Off-side.
15:48 of 3rd period - Nicklas Backstrom wins face-off versus Ryan Getzlaf in neutral zone.
16:06 of 3rd period - Icing by Barclay Goodrow.
16:07 of 3rd period - Ryan Getzlaf wins face-off versus Tyler Bozak in Oilers zone.
16:07 of 3rd period - Ryan Getzlaf is hit by Zack Smith.
16:14 of 3rd period - Off-side.
16:15 of 3rd period - Nicklas Backstrom wins face-off versus Ryan Johansen in neutral zone.
16:54 of 3rd period - Shot by Gustav Nyquist.
16:54 of 3rd period - Shot Hit the Post.
16:59 of 3rd period - Icing by Cale Makar.
17:00 of 3rd period - Ryan Getzlaf wins face-off versus Nicklas Backstrom in Devils zone.
17:16 of 3rd period - Minor Penalty to Mikhail Sergachev for Roughing.
17:17 of 3rd period - Ryan Johansen wins face-off versus Evgeni Malkin in Devils zone.
17:18 of 3rd period - Shot by Jason Zucker.
17:18 of 3rd period - Deflect By Max Domi.
17:18 of 3rd period - Stopped by Marc-Andre Fleury without a rebound.
17:19 of 3rd period - Evgeni Malkin wins face-off versus Ryan Getzlaf in Devils zone.
17:25 of 3rd period - Icing by Evander Kane.
17:26 of 3rd period - Evgeni Malkin wins face-off versus Ryan Getzlaf in Oilers zone.
18:24 of 3rd period - Shot by Brent Burns.
18:24 of 3rd period - Stopped by Marc-Andre Fleury without a rebound.
18:25 of 3rd period - Ryan Johansen wins face-off versus Evgeni Malkin in Devils zone.
18:40 of 3rd period - Shot by Ryan Johansen.
18:40 of 3rd period - Stopped by Marc-Andre Fleury with a rebound.
18:42 of 3rd period - Shot by Ryan Johansen.
18:42 of 3rd period - Shot Blocked by Niklas Hjalmarsson.
18:44 of 3rd period - Shot by Jacob Trouba.
18:44 of 3rd period - Shot Misses the Net.
19:24 of 3rd period - Shot by Riley Nash.
19:24 of 3rd period - Stopped by Marc-Andre Fleury without a rebound.
19:25 of 3rd period - Brian Boyle wins face-off versus Adam Lowry in Devils zone.
19:53 of 3rd period - Shot by Nick Cousins.
19:53 of 3rd period - Stopped by Marc-Andre Fleury with a rebound.
Goals for this period are 1 for Devils vs 2 for Oilers.
Shots for this period are 6 for Devils vs 13 for Oilers.

Overtime #1


0:01 of 1st overtime period - Evgeni Malkin wins face-off versus Ryan Johansen in neutral zone.
0:30 of 1st overtime period - Shot by Evgeni Malkin.
0:30 of 1st overtime period - Stopped by Robin Lehner without a rebound.
0:31 of 1st overtime period - Max Domi wins face-off versus T.J. Oshie in Oilers zone.
0:51 of 1st overtime period - Shot by T.J. Oshie.
0:51 of 1st overtime period - Stopped by Robin Lehner with a rebound.
0:53 of 1st overtime period - Shot by Chris Kreider.
0:53 of 1st overtime period - Stopped by Robin Lehner without a rebound.
0:54 of 1st overtime period - Evgeni Malkin wins face-off versus Ryan Johansen in Oilers zone.
0:59 of 1st overtime period - Shot by Evgeni Malkin.
0:59 of 1st overtime period - Shot Misses the Net.
1:31 of 1st overtime period - Shot by Ryan Johansen.
1:31 of 1st overtime period - Stopped by Marc-Andre Fleury with a rebound.
1:33 of 1st overtime period - Shot by Ryan Johansen.
1:33 of 1st overtime period - Stopped by Marc-Andre Fleury without a rebound.
1:34 of 1st overtime period - Max Domi wins face-off versus T.J. Oshie in Devils zone.
1:58 of 1st overtime period - Shot by T.J. Oshie.
1:58 of 1st overtime period - Shot Blocked by Yanni Gourde.
2:02 of 1st overtime period - Shot by Chris Kreider.
2:02 of 1st overtime period - Deflect By T.J. Oshie.
2:02 of 1st overtime period - Stopped by Robin Lehner with a rebound.
3:32 of 1st overtime period - Shot by Barclay Goodrow.
3:32 of 1st overtime period - Shot Misses the Net.
3:55 of 1st overtime period - Icing by Cale Makar.
3:56 of 1st overtime period - Travis Konecny wins face-off versus Evander Kane in Devils zone.
4:31 of 1st overtime period - Shot by Evgeni Malkin.
4:31 of 1st overtime period - Stopped by Robin Lehner without a rebound.
4:32 of 1st overtime period - Ryan Johansen wins face-off versus T.J. Oshie in Oilers zone.
Goals for this period are 0 for Devils vs 0 for Oilers.
Shots for this period are 5 for Devils vs 2 for Oilers.

ShootOut


5:00 of 1st overtime period - Round #1.
5:00 of 1st overtime period - Devils, Evgeni Malkin.
5:00 of 1st overtime period - Shot Misses the Net.
5:00 of 1st overtime period - Oilers, Yanni Gourde.
5:00 of 1st overtime period - Goal by Yanni Gourde.
5:00 of 1st overtime period - Round #2.
5:00 of 1st overtime period - Devils, Nicklas Backstrom.
5:00 of 1st overtime period - Shot Misses the Net.
5:00 of 1st overtime period - Oilers, Evander Kane.
5:00 of 1st overtime period - Stopped by Marc-Andre Fleury.
5:00 of 1st overtime period - Round #3.
5:00 of 1st overtime period - Devils, Chris Kreider.
5:00 of 1st overtime period - Goal by Chris Kreider.
5:00 of 1st overtime period - Oilers, Ryan Johansen.
5:00 of 1st overtime period - Stopped by Marc-Andre Fleury.
5:00 of 1st overtime period - Round #4.
5:00 of 1st overtime period - Devils, T.J. Oshie.
5:00 of 1st overtime period - Goal by T.J. Oshie.
5:00 of 1st overtime period - Oilers, Gustav Nyquist.
5:00 of 1st overtime period - Goal by Gustav Nyquist.
5:00 of 1st overtime period - Round #5.
5:00 of 1st overtime period - Devils, Travis Konecny.
5:00 of 1st overtime period - Stopped by Robin Lehner.
5:00 of 1st overtime period - Oilers, Jason Zucker.
5:00 of 1st overtime period - Goal by Jason Zucker.